 Dungeon Crawl Stone Soup version 0.31-a0-1237-gabc64e778c (webtiles) character file.

Game seed: 8715854226200856937

211 MisterAzrael the Magician (level 6, -1/46 HPs)
             Began as a Djinni Hedge Wizard on Dec 15, 2023.
             Slain by an orc wizard
             ... wielding a +0 dagger
              (3 damage)
             ... on level 4 of the Dungeon on Dec 16, 2023.
             The game lasted 00:07:17 (3748 turns).

MisterAzrael the Magician (Djinni Hedge Wizard)     Turns: 3748, Time: 00:07:18

Health: -1/46      AC:  2    Str:  9    XL:     6   Next: 13%
Gold:   144        EV: 13    Int: 17    God:
                   SH:  0    Dex: 13

rFire   + + +        k - +1 dagger (speed)
rCold   . . .        (no shield)
rNeg    . . .        b - +0 robe
rPois   ∞            c - +0 hat
rElec   +            (no cloak)
rCorr   +            (no gloves)
SInv    .            (boots unavailable)
Will    +....        (no amulet)
Stlth   ++           (no ring)
HPRegen 0.27/turn    (no ring)
MPRegen 0.00/turn

%: infuse magic (-2 HP)
@: brilliant, resistant, enlightened, flying
A: sickness immunity, fire resistance 2, cold vulnerability 1, float, innate
caster, HP casting, extra vitality 1
a: no special abilities


You were on level 4 of the Dungeon.
You visited 1 branch of the dungeon, and saw 5 of its levels.

You collected 144 gold pieces.

Inventory:

Hand Weapons
 a - a +0 dagger
 k - a +1 dagger of speed (weapon)
 p - a +1 dagger of venom
Armour
 b - a +0 robe (worn)
 c - a +0 hat (worn)
Jewellery
 j - a ring of positive energy
 r - a ring of resist corrosion
Wands
 s - a wand of flame (25)
 x - a wand of acid (7)
Scrolls
 d - a scroll of immolation {unknown}
 e - a scroll of blinking {unknown}
 f - 6 scrolls of identify {unknown}
 g - a scroll of fog {unknown}
 h - a scroll of noise {unknown}
 i - a scroll of amnesia {unknown}
 l - a scroll of enchant weapon {unknown}
 q - a scroll of enchant armour {unknown}
 y - 2 scrolls of revelation {unknown}
Potions
 m - a potion of berserk rage {unknown}
 n - a potion of brilliance
 o - a potion of haste
 u - a potion of lignification
 v - a potion of curing {unknown}
 w - a potion of enlightenment
 z - a potion of invisibility {unknown}


   Skills:
 * Level 3.3 Fighting
 + Level 3.3 Dodging
 - Level 1.5 Stealth
 * Level 3.8 Spellcasting
 * Level 3.8 Conjurations
 * Level 3.8 Hexes
 * Level 3.8 Summonings
 * Level 3.8 Necromancy
 * Level 3.8 Translocations
 * Level 3.8 Transmutations
 * Level 3.8 Fire Magic
 * Level 3.8 Ice Magic
 * Level 3.8 Air Magic
 * Level 3.8 Earth Magic
 * Level 3.8 Poison Magic


You knew the following spells:

 Your Spells              Type           Power      Damage    Failure   Level
a - Magic Dart            Conj           96%        1d7       3%          1
b - Slow                  Hex            96%        N/A       3%          1
c - Blink                 Tloc           48%        N/A       4%          2
d - Call Imp              Summ           48%        N/A       4%          2
e - Mephitic Cloud        Conj/Pois/Air  24%        N/A       10%         3
f - Necrotise             Necr           96%        1d8       3%          1
g - Jinxbite              Hex            48%        N/A       4%          2
Your spell library was empty.

Dungeon Overview and Level Annotations

Branches:
Dungeon (5/15)
 Temple: D:4-7

Altars:


Innate Abilities, Weirdness & Mutations

You are immune to sickness and miasma.
You are immune to poison.
Your flesh is very heat resistant. (rF++)
You are vulnerable to cold. (rC-)
You float through the air rather than walking.
You learn spells naturally, not from books.
Your magical power is your life essence.
You have superior vitality. (+4 MHP)


Message History

There's nothing to open nearby.
A puff of flame appears from out of thin air!
The puff of flame hits your orc wizard skeleton!
Something hits you.
Your orc wizard skeleton misses something.
Casting: Necrotise (safe; 3% risk of failure)
Confirm with . or Enter, or press ? or * to list all spells.
There is nobody nearby that the sprites are interested in.
Something hits you. Something hits you.
* * * LOW HITPOINT WARNING * * *
You hear some strange, mumbled words.
Something tries to affect you, but you resist.
Something hits you.
* * * LOW HITPOINT WARNING * * *
Something barely misses you. Something hits you.
* * * LOW HITPOINT WARNING * * *
You hear some strange, mumbled words.
Something tries to affect you, but you resist.
Something hits you but does no damage.
You swap places.
Something hits you.
* * * LOW HITPOINT WARNING * * *
Something hits you.
* * * LOW HITPOINT WARNING * * *
Something hits you.
* * * LOW HITPOINT WARNING * * *
It was a potion of brilliance.
You feel clever all of a sudden. Something hits you but does no damage.
Your orc wizard skeleton hits something but does no damage.
It was a potion of enlightenment.
You feel more buoyant. Something hits you.
* * * LOW HITPOINT WARNING * * *
Your orc wizard skeleton hits something.
It was a potion of resistance.
You feel protected. Something hits you.
You die...

#.##..........# ######..#
#.##....####### ##.## #.##.#.##
##.### #.......# ####### #....
#.#...#.# #..>..# #.### #..###..#
#.....# #.# #..# #..# #.....#
####.# #..###..# #.....# #....#
#.......# #@.Z..# #.####
####.#### ###.#######.# #.#
#.......##.# #.# #..####.##.#
#### #.# ######.....#.##.# ..>#
#.# #.>......#.#.##.# ##.# #.#
#.####..###.....######
##.#####.###.##.....#.#.#####...#
...#.........##.#.......# #.....


You could see a friendly orc wizard skeleton.

Vanquished Creatures
  An orc priest (D:4)
  An orc wizard (D:4)
  7 adders
  4 worms
  2 dart slugs
  2 orcs (D:4)
  13 ball pythons
  5 endoplasms
  3 giant cockroaches
  10 goblins
  8 hobgoblins
  7 kobolds
  3 quokkas (D:1)
  5 bats
  4 frilled lizards
  3 rats
78 creatures vanquished.

Notes
Turn   | Place    | Note
-------+----------+-------------------------------------------
     0 | D:1      | MisterAzrael the Djinni Hedge Wizard began the quest for
                  | the Orb.
     0 | D:1      | MisterAzrael set off with the following spells memorised:
                  | Magic Dart, Slow, Blink, Call Imp, Mephitic Cloud.
     0 | D:1      | Reached XP level 1. HP: 15/15 MP: 0/0
   239 | D:1      | Reached XP level 2. HP: 18/22 MP: 0/0
   348 | D:1      | Reached skill level 1 in Fighting
   579 | D:1      | Reached XP level 3. HP: 14/27 MP: 0/0
   579 | D:1      | Learned a level 1 spell: Necrotise
  1159 | D:2      | Reached XP level 4. HP: 24/33 MP: 0/0
  1520 | D:2      | Found a faded altar of an unknown god.
  2223 | D:3      | Reached XP level 5. HP: 26/39 MP: 0/0
  2223 | D:3      | Learned a level 2 spell: Jinxbite
  3496 | D:4      | Upgraded the game from 0.31-a0-1227-g0136665373 to
                  | 0.31-a0-1237-gabc64e778c
  3587 | D:5      | Entered Level 5 of the Dungeon
  3718 | D:4      | Reached XP level 6. HP: 21/46 MP: 0/0
  3747 | D:4      | HP: 2/46 [something (3)]
  3748 | D:4      | Slain by an orc wizard

Illustrated notes

Levels and vault maps discovered:
D:1:      dpeg_arrival_circle_labyrinth_a, layout_loops_ring
D:2:      wad_lake_hut, layout_rooms, hellmonk_ecumenical_altar_heavens_door,
          nrook_campfire
D:3:      minmay_inner_zag, layout_basic
D:4:      layout_loops_cross, ebering_ghost_inner_flame,
          mainiacjoe_sewer_entry_somewhere_in_here_2
D:5:      layout_gridville, serial_shops, nicolae_shop_just_a_little_nook,
          uniq_edmund

Skill      XL: |  1  2  3  4  5 |
---------------+----------------+-----
Spellcasting   | 3 |  3.8
Conjurations   | 3 |  3.8
Hexes          | 3 |  3.8
Summonings     | 3 |  3.8
Necromancy     | 3 |  3.8
Translocations | 3 |  3.8
Transmutations | 3 |  3.8
Fire Magic     | 3 |  3.8
Ice Magic      | 3 |  3.8
Air Magic      | 3 |  3.8
Earth Magic    | 3 |  3.8
Poison Magic   | 3 |  3.8
Fighting       | 1 2 3 |  3.3
Dodging        | 3 |  3.3
Stealth        | |  1.5

Action                     |  1- 3 |  4- 6 || total
---------------------------+-------+-------++-------
  Melee: Dagger            |    32 |    32 ||    64
         Punch             |     2 |       ||     2
   Cast: Magic Dart        |    65 |   150 ||   215
         Mephitic Cloud    |       |     2 ||     2
         Blink             |       |     1 ||     1
         Necrotise         |       |     1 ||     1
         Jinxbite          |       |     1 ||     1
    Use: Potion            |     1 |     4 ||     5
   Stab: Confused          |       |     1 ||     1
 Armour: Skin              |     8 |       ||     8
         Robe              |    23 |    45 ||    68
  Dodge: Dodged            |    27 |    24 ||    51

Table legend: (Time is in decaauts)
 A = Elapsed time spent in this place.
 B = Non-inter-level travel time spent in this place.
 C = Inter-level travel time spent in this place.
 D = Time resting spent in this place.
 E = Time spent auto-exploring this place.
 F = Levels seen in this place.
 G = Mean time per level.
                   A        B        C        D        E       F      G
               +--------+--------+--------+--------+--------+-----+--------+
         Total |   3711 |   3617 |     94 |    252 |   2805 |   5 |  742.2 |
       Dungeon |   3711 |   3617 |     94 |    252 |   2805 |   5 |  742.2 |
               +--------+--------+--------+--------+--------+-----+--------+

Top non-repeatable levels by time:
     D:1: 1036 daAuts
     D:3: 933 daAuts
     D:2: 931 daAuts
     D:4: 703 daAuts
     D:5: 106 daAuts
